 Dungeon Crawl Stone Soup version 0.31.0-4-g52a2dc7128 (webtiles) character file.

Game seed: 7705748655539624317

58 hawla the Firebug (level 4, -3/27 HPs)
             Began as an Octopode Fire Elementalist on Jan 22, 2024.
             Killed from afar by an orc wizard (7 damage)
             ... with a magic dart
             ... on level 2 of the Dungeon.
             The game lasted 00:05:31 (1001 turns).

hawla the Firebug (Octopode Fire Elementalist)      Turns: 1001, Time: 00:05:31

Health: -3/27      AC:  1    Str:  7    XL:     4   Next: 1%
Magic:  7/7        EV: 13    Int: 19    God:
Gold:   61         SH:  0    Dex: 12    Spells: 5/8 levels left

rFire   . . .        (no weapon)
rCold   . . .        (no shield)
rNeg    . . .        (helmet restricted)
rPois   .            (no amulet)
rElec   .            (no ring)
rCorr   .            (no ring)
SInv    .            (no ring)
Will    .....        (no ring)
Stlth   ++           (no ring)
HPRegen 0.24/turn    (no ring)
MPRegen 0.10/turn    (no ring)
                     (no ring)

%: no passive effects
@: confused, hasted, very quick
A: almost no armour, amphibious, 8 rings, camouflage 1, gelatinous body 1,
(nimble swimmer 1), tentacles
a: no special abilities


You were on level 2 of the Dungeon.
You visited 1 branch of the dungeon, and saw 2 of its levels.

You collected 61 gold pieces.

Inventory:

Scrolls
 c - a scroll of revelation {unknown}
 d - a scroll of identify {unknown}
 f - a scroll of butterflies {unknown}
 g - 3 scrolls of poison {unknown}
 h - a scroll of blinking {unknown}


   Skills:
 + Level 2.7 Dodging
 - Level 2.6 Stealth
 + Level 2.5 Spellcasting
 - Level 2.0 Conjurations
 + Level 3.4 Fire Magic


You had 5 spell levels left.
You knew the following spells:

 Your Spells              Type           Power      Damage    Failure   Level
a - Foxfire               Conj/Fire      48%        2x1d6     5%          1
b - Scorch                Fire           30%        2d6       6%          2

Your spell library contained the following spells:

 Spells                   Type           Power      Damage    Failure   Level
 Inner Flame              Hex/Fire       9%         N/A       24%         3
 Volatile Blastmotes      Fire/Tloc      18%        2d11      24%         3
 Flame Wave               Conj/Fire      12%        2d6       45%         4
 Sticky Flame             Fire/Alch      9%         2d5       61%         4
 Irradiate                Conj/Alch      3%         3d12      96%         5
 Ignition                 Fire           7%         3d5       100%        8


Dungeon Overview and Level Annotations

Branches:
Dungeon (2/15)

Altars:


Innate Abilities, Weirdness & Mutations

You cannot wear most types of armour.
You are amphibious.
You can wear up to eight rings at the same time.
Your skin changes colour to match your surroundings (Stealth+).
Your rubbery body absorbs attacks. (AC +1, EV +1)
((You are camouflaged when in or above water. (Stealth+)))
You have tentacles for arms and can constrict up to eight enemies at once.


Message History

* * * LOW HITPOINT WARNING * * *
The orc barely misses you. Something hits you.
* * * LOW HITPOINT WARNING * * *
You are too confused!
Unknown command.
Saving game... please wait.
Welcome back, hawla the Octopode Fire Elementalist.
Press ? for a list of commands and other information.
There are monsters nearby!
You're too confused to move!
You closely miss the orc. Your squeeze misses the orc. Something hits you.
Deactivating autopickup; reactivate with Ctrl-A.
The orc closely misses you.
You bump into the rock wall.
You feel less invigorated.
You feel less confused. Something hits you.
* * * LOW HITPOINT WARNING * * *
The orc completely misses you.
There is a strange disturbance nearby!
An orc is nearby!
An orc is nearby!
An orc is nearby!
An orc is nearby!
An orc wizard appears from thin air!
Reactivating autopickup.
The orc wizard casts a spell at you.
You are confused.
The orc wizard gestures at you while chanting.
The magic dart hits you.
* * * LOW HITPOINT WARNING * * *
You aren't carrying any potions.
You are too confused!
There are monsters nearby!
There are monsters nearby!
You hear some strange, mumbled words.
A magic dart appears from out of thin air!
Deactivating autopickup; reactivate with Ctrl-A.
The magic dart hits you!
You die...

###########
#.........#
#.........#
#.........#
#<........# ..
#.........# #######
...# #.....@...#
#.....#
.....#......{o.#
#.....#
#.........o.###.....#
##..........o.......#
##.......<.##......#
........#####o†.....#
#......#.## #[#.....#
######.... #o#.....#
###.#. ..#######


You could see an orc wizard and 2 orcs.

Vanquished Creatures
  An orc priest (D:2)
  A ribbon worm (D:2)
  2 dart slugs (D:1)
  A bat (D:1)
  An endoplasm (D:1)
  2 giant cockroaches
  4 hobgoblins
  A quokka (D:1)
  2 ball pythons
  A frilled lizard (D:1)
  A goblin (D:1)
  A kobold (D:1)
  2 rats (D:1)
20 creatures vanquished.

Vanquished Creatures (others)
  77 foxfires
77 creatures vanquished.

Grand Total: 97 creatures vanquished

Notes
Turn   | Place    | Note
-------+----------+-------------------------------------------
     0 | D:1      | hawla the Octopode Fire Elementalist began the quest for
                  | the Orb.
     0 | D:1      | Reached XP level 1. HP: 11/11 MP: 3/3
   125 | D:1      | Found a faded altar of an unknown god.
   137 | D:1      | Reached XP level 2. HP: 17/17 MP: 0/5
   858 | D:1      | Learned a level 2 spell: Scorch
   954 | D:2      | Reached XP level 3. HP: 21/21 MP: 0/6
   973 | D:2      | Reached XP level 4. HP: 13/27 MP: 1/7
  1001 | D:2      | Killed from afar by an orc wizard

Illustrated notes

Levels and vault maps discovered:
D:1:      sevenhm_arrival_forest_fort_small_5, layout_rooms,
          nicolae_ecumenical_lake_church, minivault_5
D:2:      layout_rooms, uniq_robin

Skill      XL: |  1  2  3 |
---------------+----------+-----
Conjurations   | 2 |  2.0
Dodging        | |  2.7
Stealth        | |  2.6
Spellcasting   | |  2.5
Fire Magic     | |  3.4

Action                     |  1- 3 |  4- 6 || total
---------------------------+-------+-------++-------
  Melee: Unarmed           |    10 |     9 ||    19
         Constrict         |     2 |       ||     2
         Tentacles         |     2 |       ||     2
   Cast: Foxfire           |    41 |     1 ||    42
         Scorch            |     2 |       ||     2
    Use: Potion            |     2 |     1 ||     3
 Armour: Skin              |     6 |    11 ||    17
  Dodge: Dodged            |    10 |     7 ||    17
